 Dungeon Crawl Stone Soup version 0.30.1-4-g462c640d31 (webtiles) character file.

Game seed: 775287169859070277

575 boopmooplesden the Twirler (level 6, 0/51 HPs)
             Began as a Demigod Gladiator on Sept 18, 2023.
             Slain by a gnoll
             ... wielding a +0 whip
             ... led by a gnoll bouda
              (4 damage)
             ... on level 4 of the Dungeon.
             The game lasted 00:05:27 (2174 turns).

boopmooplesden the Twirler (Demigod Gladiator)      Turns: 2174, Time: 00:05:27

Health: 0/51       AC: 12    Str: 23    XL:     6   Next: 88%
Magic:  8/8        EV:  7    Int: 10    God:
Gold:   142        SH:  0    Dex: 15    Spells: 5/5 levels left

rFire   . . .        a - +2 quarterstaff (flame)
rCold   . . .        (shield currently unavailable)
rNeg    . . .        s - +0 plate armour
rPois   .            c - +0 helmet
rElec   .            (no cloak)
rCorr   .            (no gloves)
SInv    .            (no boots)
Will    .....        g - amulet of regeneration Stlth
                     (no ring)
HPRegen 1.08/turn    (no ring)
MPRegen 0.11/turn

%: no passive effects
@: no status effects
A: high MP 1, forlorn, divine attributes
a: no special abilities


You were on level 4 of the Dungeon.
You visited 1 branch of the dungeon, and saw 4 of its levels.

You collected 142 gold pieces.

Inventory:

Hand Weapons
 a - a +2 quarterstaff of flaming (weapon)
 w - a +0 lajatang
Missiles
 d - 2 throwing nets (quivered)
 e - a javelin
Armour
 b - a +0 leather armour
 c - a +0 helmet (worn)
 j - a +0 ring mail
 s - a +0 plate armour (worn)
Jewellery
 g - an amulet of regeneration (around neck)
 i - an amulet of magic regeneration
 p - an amulet of the acrobat
 r - an amulet of reflection
Wands
 k - a wand of paralysis (6)
Scrolls
 t - a scroll of enchant weapon
Potions
 f - a potion of degeneration
 h - a potion of ambrosia {unknown}
 l - a potion of haste {unknown}
 m - a potion of might {unknown}
 n - a potion of resistance {unknown}
 o - a potion of flight {unknown}
 v - 2 potions of brilliance


   Skills:
 + Level 3.5 Fighting
 + Level 5.7 Staves
 + Level 1.7 Throwing
 + Level 2.5 Armour
 + Level 3.4 Dodging
 + Level 0.1 Stealth


You had 5 spell levels left.
You didn't know any spells.
Your spell library contained the following spells:

 Spells                   Type           Power      Damage    Failure   Level
 Sandblast                Erth           0%         2d4       100%        1
 Passwall                 Tmut/Erth      0%         N/A       100%        2
 Stone Arrow              Conj/Erth      0%         3d7       100%        3


Dungeon Overview and Level Annotations

Branches:
Dungeon (4/15)
 Temple: D:4-7


Innate Abilities, Weirdness & Mutations

You have an increased reservoir of magic. (+10% MP)
You shall have no god before yourself.
Your divine heritage dramatically boosts your attributes as you level up.


Message History

* * * LOW HITPOINT WARNING * * *
You feel better. The gnoll closely misses you.
The gnoll bouda hits you with a +0 whip.
* * * LOW HITPOINT WARNING * * *
You hit the gnoll bouda but do no damage.
The gnoll bouda is severely wounded.
The gnoll hits you but does no damage.
The gnoll bouda hits you with a +0 whip.
* * * LOW HITPOINT WARNING * * *
Sorry, you're not good enough to have a special ability.
Unknown command.
Throw: 3 throwing nets
Press: ? - help, Q - select action, (/) - cycle Shift-Dir - straight line, f - gnoll bouda
Aim: a gnoll bouda, wielding a +0 whip and wearing a +0 leather armour (severely wounded, 63% to hit)
You throw a throwing net. The throwing net hits the gnoll bouda.
The gnoll bouda is caught in the net!
The gnoll bouda is severely wounded.
The gnoll hits you with a +0 whip.
* * * LOW HITPOINT WARNING * * *
The gnoll bouda struggles against the net.
You catch the helpless gnoll bouda completely off-guard!
You hit the gnoll bouda but do no damage.
The gnoll bouda is severely wounded.
The gnoll hits you but does no damage.
The iguana bites you but does no damage.
The gnoll bouda struggles against the net.
You hit the gnoll bouda. You burn the gnoll bouda.
You kill the gnoll bouda!
The gnoll barely misses you.
The iguana bites you but does no damage.
You hit the gnoll. You burn the gnoll.
The gnoll is severely wounded.
Your attacks no longer feel as feeble.
The gnoll hits you with a +0 whip.
* * * LOW HITPOINT WARNING * * *
The iguana bites you but does no damage.
You hit the gnoll. You burn the gnoll.
The gnoll is almost dead.
The gnoll hits you with a +0 whip.
You die...

##.##.########..8...._§≈.##
.......# #....≈§§≈§≈.#
.#.#.#.# #..§§§≈§≈≈..#
...(...# #..§.§§.....#
.....#.# ###...#.#######
...##### #...........# ...#
#............ ...#
#...........# #.##
#..)g@..#### ...# #...)l..#
#### #.......# #.......#
#.......# #........
####.###.# #.. ..


You could see an iguana and a gnoll (swift).

Vanquished Creatures
  2 scorpions (D:4)
  A howler monkey (D:3)
  An orc priest (D:3)
  A gnoll bouda (D:4)
  Ijyb (D:4)
  An iguana (D:4)
  Natasha (twice) (D:3)
  2 orc wizards (D:3)
  4 gnolls (D:4)
  8 adders
  3 worms
  11 orcs
  5 endoplasms
  3 giant cockroaches
  3 hobgoblins
  7 jackals
  4 quokkas
  7 ball pythons
  7 bats
  5 frilled lizards
  10 goblins
  8 kobolds
  4 rats
  A spectral goblin (D:2)
101 creatures vanquished.

Notes
Turn   | Place    | Note
-------+----------+-------------------------------------------
     0 | D:1      | boopmooplesden the Demigod Gladiator began the quest for
                  | the Orb.
     0 | D:1      | Reached XP level 1. HP: 17/17 MP: 3/3
   167 | D:1      | Reached skill level 3 in Staves
   224 | D:1      | Reached XP level 2. HP: 21/24 MP: 4/4
   608 | D:2      | Reached skill level 1 in Armour
   608 | D:2      | Reached XP level 3. HP: 27/29 MP: 5/5
  1039 | D:3      | Reached XP level 4. HP: 32/36 MP: 6/6
  1043 | D:3      | Reached skill level 4 in Staves
  1144 | D:3      | Reached XP level 5. HP: 36/41 MP: 7/7
  1374 | D:3      | Noticed Natasha
  1393 | D:3      | Killed Natasha
  1649 | D:3      | Noticed Natasha
  1660 | D:3      | Killed Natasha
  1893 | D:4      | Noticed Ijyb
  1896 | D:4      | Reached XP level 6. HP: 51/51 MP: 8/8
  1896 | D:4      | Paralysed by Ijyb for 2 turns
  1905 | D:4      | Killed Ijyb
  1950 | D:4      | Reached skill level 5 in Staves
  2174 | D:4      | Slain by a gnoll

Illustrated notes

Levels and vault maps discovered:
D:1:      minmay_arrival_glassed_features, layout_basic
D:2:      layout_rooms, dreamdust_ecumenical_altar_drowned_temple
D:3:      minmay_chambers_of_threes, layout_basic,
          gammafunk_temple_overflow_elements, uniq_natasha
D:4:      layout_loops_cross, mainiacjoe_overflow_catwalk,
          gammafunk_temple_overflow_pools, ebering_ghost_rock_garden, uniq_ijyb

Skill      XL: |  1  2  3  4  5  6 |
---------------+-------------------+-----
Staves         | 3 4 5 |  5.7
Dodging        | 3 |  3.4
Armour         | 1 2 |  2.5
Fighting       | 2 3 |  3.5
Throwing       | |  1.7
Stealth        | |  0.1

Action                     |  1- 3 |  4- 6 || total
---------------------------+-------+-------++-------
  Melee: Quarterstaff      |   156 |   185 ||   341
  Throw: Throwing net      |       |     1 ||     1
    Use: Scroll            |     4 |     5 ||     9
         Potion            |       |     2 ||     2
   Stab: Held in net/web   |       |     1 ||     1
 Armour: Leather armour    |    37 |       ||    37
         Ring mail         |    62 |    24 ||    86
         Plate armour      |       |    78 ||    78
  Dodge: Dodged            |   147 |   106 ||   253
